 Dungeon Crawl Stone Soup version 0.23.2 (webtiles) character file.

Game seed: 15343174898828861485

172290 Borgoz the Tortoise (level 18, -2/119 HPs)
             Began as a Gargoyle Gladiator on Apr 9, 2019.
             Was a High Priest of Ashenzari.
             Shot with an arrow by a satyr (16 damage)
             ... on level 4 of the Shoals.
             The game lasted 01:44:11 (35495 turns).

Borgoz the Tortoise (Gargoyle Gladiator)           Turns: 35495, Time: 01:44:12

Health: -2/119     AC: 36    Str: 33    XL:     18   Next: 3%
Magic:  0/27       EV: 17    Int: 15    God:    Ashenzari [*****.]
Gold:   1467       SH: 10    Dex: 16    Spells: 23/29 levels left

rFire    + + .     SeeInvis +   a - +9 quick blade (elec)
rCold    . . .     Gourm    .   w - +0 shield {reflect}
rNeg     + + .     Faith    .   v - +5 scale mail {rF+}
rPois    ∞         Spirit   +   N - +0 helmet {SInv} (curse)
rElec    +         Reflect  +   E - +0 cloak of the Republic {rF+ Int+4} (curse)
rCorr    .         Harm     .   (no gloves)
MR       +....     Clarity  +   q - +2 pair of boots
Stlth    +++.......             M - amulet "Hanizoerch" {Spirit Str+4} (curse)
HPRegen  0.29/turn              i - +6 ring of strength
MPRegen  0.20/turn              m - ring "Yjuwy" {rN+ Str+4}

@: flying, slowed, very slow
A: big wings, negative energy resistance 1, electricity resistance, unbreathing,
petrification resistance, rot immunity, AC +13
a: Stop Flying, Curse Item, Scrying, Transfer Knowledge, Renounce Religion


You were on level 4 of the Shoals.
You worshipped Ashenzari.
Ashenzari was extremely pleased with you.
You were not hungry.

You visited 6 branches of the dungeon, and saw 29 of its levels.
You visited the Abyss 1 time.
You also visited: Gauntlet.

You collected 3146 gold pieces.
You spent 1679 gold pieces at shops.

Inventory:

Hand Weapons
 a - a +9 quick blade of electrocution (weapon)
 b - the +9 rapier of the Stork {pierce, Int+2 SInv}
   (You bought it in a shop on level 15 of the Dungeon)

   It inflicts extra damage upon your enemies.
   It affects your intelligence (+2).
   It lets you see invisible.
Missiles
 h - 17 javelins of returning
 y - 5 throwing nets (quivered)
 A - 12 steel javelins
Armour
 d - a +2 chain mail of cold resistance
 q - a +2 pair of boots (worn)
 v - a +5 scale mail of fire resistance (worn)
 w - a +0 shield of reflection (worn)
 B - the cursed +0 shield of the Ancient Lovers {-Tele *Contam rCorr Int+5}
   (You acquired it on level 2 of the Shoals)

   It affects your intelligence (+5).
   It prevents most forms of teleportation.
   It causes magical contamination when unequipped.
   It provides partial protection from all sources of acid and corrosion.
   It has a curse placed upon it.
 E - the cursed +0 cloak of the Republic (worn) {rF+ Int+4}
   (You found it on level 1 of the Depths)

   It affects your intelligence (+4).
   It protects you from fire.
   It has a curse placed upon it.
 N - a cursed +0 helmet of see invisible (worn)
Jewellery
 i - a +6 ring of strength (left hand)
 m - the ring "Yjuwy" (right hand) {rN+ Str+4}
   (You found it on level 9 of the Dungeon)

   [ring of positive energy]

   It affects your strength (+4).
   It protects you from negative energy.
 u - an uncursed amulet of faith
 z - an uncursed ring of ice
 M - the cursed amulet "Hanizoerch" (around neck) {Spirit Str+4}
   (You found it in a Gauntlet)

   [amulet of guardian spirit]

   It causes incoming damage to be split between your health and magic.
   It affects your strength (+4).
   It has a curse placed upon it.
 T - an uncursed ring of fire
Wands
 c - a wand of paralysis (26)
 p - a wand of iceblast (44)
 s - a wand of scattershot (5)
 C - a wand of disintegration (7)
 G - a wand of acid (4)
 H - a wand of polymorph (9)
 K - a wand of clouds (4)
Scrolls
 e - 12 scrolls of remove curse
 g - 4 scrolls of fear
 j - 3 scrolls of blinking
 k - 5 scrolls of magic mapping
 D - 4 scrolls of teleportation
 J - a scroll of summoning
 O - 7 scrolls of identify
Potions
 l - 7 potions of curing
 n - 2 potions of haste
 o - 2 potions of ambrosia
 t - a potion of invisibility
 x - 2 potions of resistance
 F - 2 potions of heal wounds
 I - a potion of brilliance
 P - 4 potions of might
Comestibles
 f - 43 rations
 r - 3 chunks of flesh


   Skills:
 * Level 15.3 Fighting
 + Level 12.0 Short Blades
 - Level 1.7 Throwing
 * Level 16.1 Armour
 * Level 13.1 Dodging
 + Level 8.8 Stealth
 + Level 2.2 Shields
 + Level 6.4 Spellcasting
 + Level 7.9 Hexes
 - Level 5.0 Evocations


You had 23 spell levels left.
You knew the following spells:

 Your Spells              Type           Power        Failure   Level  Hunger
a - Confusing Touch       Hex            ####..       4%          1    None
b - Regeneration          Chrm/Necr      #.........   98%         3    ##.....
c - Blink                 Tloc           N/A          87%         2    #......

Your spell library contained the following spells:

 Spells                   Type           Power        Failure   Level  Hunger
 Inner Flame              Hex/Fire       ###.....     56%         3    ##.....
 Animate Skeleton         Necr           N/A          75%         1    None
 Apportation              Tloc           #.....       75%         1    None
 Beastly Appendage        Tmut           #.....       75%         1    None
 Flame Tongue             Conj/Fire      #....        75%         1    None
 Pain                     Necr           #...         75%         1    None
 Sandblast                Erth           #.....       75%         1    None
 Summon Small Mammal      Summ           #...         75%         1    None
 Passwall                 Tmut/Erth      #.......     87%         2    #......
 Shroud of Golubria       Chrm/Tloc      #.........   87%         2    #......
 Sticks to Snakes         Tmut           #.......     87%         2    #......
 Throw Flame              Conj/Fire      #.....       87%         2    #......
 Conjure Flame            Conj/Fire      #.......     98%         3    ##.....
 Gell's Gravitas          Tloc           #.........   98%         3    ##.....
 Lesser Beckoning         Tloc           #.........   98%         3    ##.....
 Spider Form              Tmut/Pois      #.........   98%         3    ##.....
 Stone Arrow              Conj/Erth      #.....       98%         3    ##.....
 Teleport Other           Tloc           #.......     98%         3    ##.....
 Vampiric Draining        Necr           #.........   98%         3    ##.....
 Yara's Violent Unravell  Hex/Tmut       ###.......   99%         5    ######.
 Animate Dead             Necr           N/A          100%        4    ####...
 Ice Form                 Ice/Tmut       #.......     100%        4    ####...
 Passage of Golubria      Tloc           N/A          100%        4    ####...
 Petrify                  Tmut/Erth      #.......     100%        4    ####...
 Sticky Flame             Conj/Fire      #.......     100%        4    ####...
 Blade Hands              Tmut           #.........   100%        5    ######.
 Fireball                 Conj/Fire      #.........   100%        5    ######.
 Irradiate                Conj/Tmut      #.........   100%        5    ######.
 Lee's Rapid Deconstruct  Erth           #.........   100%        5    ######.
 Summon Forest            Summ/Tloc      #.........   100%        5    ######.


Dungeon Overview and Level Annotations

Branches:
Dungeon (15/15)            Temple (1/1) D:6            Lair (6/6) D:10
 Shoals (4/4) Lair:4        Snake (0/4) Lair:4        Slime (0/5) Lair:5
    Orc (2/2) D:12            Elf (0/3) Orc:2        Vaults (0/5) D:14
 Depths (1/5) D:15

Altars:
Ashenzari
Cheibriados
Dithmenos
Elyvilon
Fedhas
Gozag
Hepliaklqana
Kikubaaqudgha
Makhleb
Nemelex Xobeh
Okawaru
Qazlal
Ru
Sif Muna
Trog
Uskayaw
Vehumet
Wu Jian
Xom
Yredelemnul
Zin
The Shining One

Shops:
D:9 %   D:14 (   D:15 (   Orc:2 ([*:


Innate Abilities, Weirdness & Mutations

You are resistant to torment.
Your stone body is resilient. (AC +13)
You are immune to poison.
Your large and strong wings let you fly indefinitely.
You resist negative energy. (rN+)
You are resistant to electric shocks. (rElec)
You can survive without breathing.
You are immune to petrification.
You are immune to rotting.


Message History

You are unaffected.
The satyr shoots an arrow.
The arrow hits you!!
* * * LOW HITPOINT WARNING * * *
You hear a splash.
The merfolk siren chants a haunting song.
You are unaffected.
The merfolk siren chants a haunting song.
You are unaffected.
The satyr shoots an arrow.
You reflect the arrow off your +0 shield of reflection!
The arrow hits the satyr!!
The merfolk siren chants a haunting song.
You are unaffected.
The merfolk siren chants a haunting song.
You are unaffected.
The satyr shoots an arrow.
The arrow hits you!
* * * LOW HITPOINT WARNING * * *
You hear a splash.
The merfolk siren chants a haunting song.
You are unaffected.
The satyr shoots an arrow.
The arrow hits you!!
You die...

≈≈≈≈≈≈≈≈≈≈≈≈P≈≈≈≈≈≈..≈.....# ....
≈≈≈≈≈≈≈≈≈≈≈≈(≈≈≈≈≈≈≈.......##[..≈
≈≈≈≈≈≈≈≈≈≈≈≈≈≈≈≈≈≈≈≈≈≈.......(...
≈≈≈≈≈≈≈≈≈≈≈≈≈≈≈≈≈≈≈≈≈≈c.......≈(.
≈≈≈≈≈≈≈≈≈≈≈≈≈≈≈≈≈≈≈≈..≈c.....$≈≈≈
≈≈≈≈≈≈≈≈≈≈≈≈≈≈≈≈≈≈≈≈≈≈≈≈≈....≈≈≈≈
≈≈≈≈≈≈≈≈≈≈≈≈≈≈≈≈≈≈≈≈≈≈(≈≈≈..)≈≈≈≈
≈≈≈≈≈≈≈≈≈≈≈≈≈≈≈≈≈≈≈≈≈≈≈≈≈≈≈≈.≈≈≈≈
≈≈≈≈≈≈≈≈≈≈≈≈≈≈≈≈@≈≈≈m≈≈≈≈≈≈≈≈≈≈≈≈
≈≈≈≈≈≈≈≈≈≈≈≈≈≈≈≈≈≈≈≈≈≈≈≈≈≈≈≈≈≈≈≈≈
≈≈≈≈≈≈≈≈≈≈≈≈≈≈≈≈≈≈≈≈≈≈≈≈≈≈≈≈≈≈≈≈≈
≈≈≈≈≈≈≈≈≈≈≈≈≈≈≈≈≈≈≈≈≈≈≈≈≈≈≈≈≈≈≈≈≈
≈≈≈≈≈≈≈≈≈≈≈≈≈≈≈≈≈≈≈≈≈≈≈≈≈≈≈≈≈≈≈≈≈
≈≈≈≈≈≈≈≈≈≈≈≈≈≈≈≈≈≈≈≈≈≈≈≈≈≈≈≈≈≈≈≈≈
#################################


You could see a satyr, a faun and a merfolk siren.

Vanquished Creatures
  The ghost of markt42 the Bludgeoner, an adept GrFi of Okawaru (Lair:6)
  A lich (Abyss:1)
  Gastronok (D:8)
  A tentacled starspawn (Abyss:1)
  2 orc warlords
  A fire giant (Depths:1)
  A stone giant (Depths:1)
  4 very ugly things (Abyss:1)
  Nessos (Lair:6)
  Azrael (D:15)
  3 starcursed masses (Abyss:1)
  The ghost of esteth the Thaumaturge, a journeyman GnWz of Ashenzari (Lair:5)
  A dire elephant (D:15)
  2 minotaurs
  2 merfolk javelineers (Shoals:1)
  6 merfolk impalers
  A fire dragon (Lair:6)
  The ghost of Dikli the Blocker, a journeyman MiBe of Trog (Lair:3)
  Harold (D:7)
  A vault guard (D:14)
  2 catoblepae
  9 hydras
  A merfolk avatar (Shoals:1)
  An alligator snapping turtle (Shoals:4)
  14 death yaks (Lair:6)
  3 centaur warriors
  2 merfolk aquamancers
  2 tengu warriors
  2 death knights (D:13)
  An ogre mage (D:15)
  7 two-headed ogres
  4 orc high priests (Orc:2)
  7 unseen horrors
  2 large abominations (Gauntlet)
  A skeletal warrior (D:13)
  5 sea snakes
  A wizard (Depths:1)
  Pikel (D:8)
  A swamp dragon (Lair:6)
  5 orc knights
  6 harpies (Shoals:1)
  3 phantasmal warriors (D:13)
  13 ugly things
  5 orc sorcerers (Orc:2)
  14 manticores
  4 fauns
  A wolf spider (Lair:6)
  7 oklob plants
  A worldbinder (Gauntlet)
  3 cyclopes
  A deep elf mage (D:15)
  A centaur zombie (D:14)
  Maurice (D:8)
  2 moths of wrath (Lair:3)
  A salamander (D:15)
  15 black mambas
  8 merfolk sirens
  13 elephants
  2 gargoyles
  Joseph (D:7)
  2 smoke demons (Abyss:1)
  3 water nymphs
  A guardian serpent (Lair:6)
  10 spiny frogs
  10 rime drakes
  11 komodo dragons
  2 freezing wraiths (D:13)
  3 tengu conjurers
  An efreet (D:15)
  Prince Ribbit (D:7)
  16 merfolk
  10 trolls
  7 hornets
  5 slime creatures
  3 wind drakes (Shoals:1)
  14 dream sheep
  12 blink frogs
  7 snapping turtles
  15 hippogriffs
  7 spriggans (Lair:3)
  A shadow (D:15)
  2 redbacks (Lair:6)
  A spriggan (shapeshifter) (D:12)
  7 water elementals
  A wraith (D:13)
  10 basilisks
  29 yaks
  21 wyverns
  4 fire elementals (D:15)
  6 steam dragons
  A hungry ghost (D:8)
  5 small abominations
  3 wargs (Orc:1)
  3 nagas (Lair:4)
  A steam dragon (shapeshifter) (D:15)
  A spatial vortex (Abyss:1)
  Edmund (D:5)
  24 water moccasins
  3 hell hounds
  3 sky beasts
  A floating eye (Lair:2)
  A swamp drake (D:12)
  6 porcupines
  2 black bears
  An ice beast (shapeshifter) (Depths:1)
  5 ice beasts
  A slave (D:8)
  4 phantoms
  2 eyes of draining (D:3)
  31 orc warriors
  A boggart (Gauntlet)
  20 ogres
  8 centaurs
  13 crocodiles
  2 big kobolds
  27 bullfrogs
  A gnoll sergeant (D:11)
  A wyvern zombie (D:9)
  A wyvern skeleton (D:14)
  7 killer bees
  5 scorpions
  4 howler monkeys
  9 wights
  An electric eel (Lair:2)
  5 bullfrog zombies
  10 crimson imps
  3 hounds
  A quasit (D:12)
  42 orc wizards
  4 jellies
  23 orc priests
  4 centaur skeletons
  An iron imp (Abyss:1)
  A bullfrog skeleton (D:13)
  Ijyb (D:5)
  3 iguanas (Lair:6)
  10 worker ants
  2 killer bee zombies
  8 adders
  3 gnolls (D:11)
  A howler monkey skeleton (D:4)
  4 shadow imps
  An adder zombie (D:9)
  2 adder skeletons
  A worm (D:2)
  5 dart slugs
  4 leopard geckos
  109 orcs
  5 ball pythons
  6 bats
  5 giant cockroaches
  6 goblins
  6 hobgoblins
  8 jackals
  8 kobolds
  6 quokkas
  4 frilled lizards
  3 leopard gecko skeletons
  13 rats
  4 fungi
  5 plants
  A starspawn tentacle (Abyss:1)
  A withered plant (Shoals:1)
956 creatures vanquished.

Vanquished Creatures (collateral kills)
  A plant (Lair:6)
1 creature vanquished.

Vanquished Creatures (others)
  2 slaves (D:8)
  A centaur (D:8)
  An orc wizard (Orc:2)
  An orc (Orc:2)
  11 fungi
  13 plants
  A starspawn tentacle (Abyss:1)
30 creatures vanquished.

Grand Total: 987 creatures vanquished

Notes
Turn   | Place    | Note
-------+----------+-------------------------------------------
     0 | D:1      | Borgoz the Gargoyle Gladiator began the quest for the Orb.
     0 | D:1      | Reached XP level 1. HP: 12/12 MP: 1/1
    98 | D:1      | Reached XP level 2. HP: 17/18 MP: 2/2
   169 | D:1      | Reached skill level 1 in Stealth
   218 | D:1      | Reached skill level 1 in Armour
   387 | D:1      | Reached XP level 3. HP: 20/22 MP: 3/3
  1292 | D:2      | Reached XP level 4. HP: 27/27 MP: 4/4
  1462 | D:3      | Found a shadowy altar of Dithmenos.
  1760 | D:3      | Reached XP level 5. HP: 32/32 MP: 5/5
  2207 | D:3      | Found a faded altar of an unknown god.
  2250 | D:3      | Found a bloodstained altar of Trog.
  2250 | D:3      | Noticed an eye of draining
  2251 | D:3      | Noticed an eye of draining
  2273 | D:3      | Killed an eye of draining
  2273 | D:3      | Reached skill level 2 in Armour
  2289 | D:3      | Killed an eye of draining
  2289 | D:3      | Reached XP level 6. HP: 38/38 MP: 0/6
  2896 | D:4      | Reached skill level 3 in Armour
  3026 | D:4      | Reached XP level 7. HP: 43/43 MP: 7/7
  3301 | D:5      | Entered Level 5 of the Dungeon
  3356 | D:5      | Found a radiant altar of Vehumet.
  3357 | D:5      | Found a burning altar of Makhleb.
  3400 | D:5      | Noticed Edmund
  3505 | D:5      | Killed Edmund
  3612 | D:5      | Reached XP level 8. HP: 22/48 MP: 8/8
  3622 | D:5      | Reached skill level 4 in Armour
  4027 | D:5      | Reached skill level 5 in Fighting
  4138 | D:5      | Noticed Ijyb
  4152 | D:5      | Paralysed by Ijyb for 6 turns
  4181 | D:5      | Killed Ijyb
  4392 | D:5      | Found a blossoming altar of Fedhas.
  4394 | D:5      | Found a stormy altar of Qazlal.
  4690 | D:6      | Reached skill level 5 in Stealth
  4741 | D:6      | Learned a level 1 spell: Confusing Touch
  5059 | D:6      | Found a staircase to the Ecumenical Temple.
  5065 | Temple   | Entered the Ecumenical Temple
  5135 | Temple   | Became a worshipper of Ashenzari the Shackled
  5283 | D:7      | Noticed Joseph
  5313 | D:7      | Killed Joseph
  5313 | D:7      | Reached skill level 5 in Short Blades
  5313 | D:7      | Reached skill level 5 in Armour
  5333 | D:7      | Reached skill level 1 in Evocations
  5388 | D:7      | Reached skill level 1 in Spellcasting
  5388 | D:7      | Reached XP level 9. HP: 54/54 MP: 10/10
  5704 | D:7      | Reached skill level 5 in Dodging
  5877 | D:7      | Noticed Prince Ribbit
  6644 | D:7      | Noticed Harold
  6685 | D:7      | Killed Harold
  6685 | D:7      | Reached skill level 6 in Armour
  6757 | D:7      | Killed Prince Ribbit
  7114 | D:8      | Reached * piety under Ashenzari
  7114 | D:8      | Noticed Gastronok
  7275 | D:9      | Reached XP level 10. HP: 61/61 MP: 13/13
  7280 | D:9      | Found Onnaj's Food Shoppe.
  7387 | D:8      | Found an iron altar of Okawaru.
  7453 | D:9      | Reached skill level 7 in Armour
  7748 | D:9      | Found a bloodstained altar of Trog.
  8626 | D:9      | Identified the ring "Yjuwy" {rN+ Str+4}
  9003 | D:8      | Noticed Pikel
  9071 | D:8      | Killed Pikel
  9171 | D:8      | Reached skill level 8 in Armour
  9583 | D:8      | Killed Gastronok
  9583 | D:8      | Reached XP level 11. HP: 48/67 MP: 15/17
  9777 | D:8      | Noticed Maurice
  9794 | D:8      | Paralysed by Maurice for 2 turns
  9830 | D:8      | Killed Maurice
  9864 | D:8      | Identified a scroll of acquirement
 10120 | D:10     | Entered Level 10 of the Dungeon
 10296 | D:10     | Noticed a two-headed ogre
 10322 | D:10     | Killed a two-headed ogre
 10322 | D:10     | Reached skill level 9 in Armour
 10322 | D:10     | Reached skill level 1 in Hexes
 10582 | D:10     | Found a staircase to the Lair.
 10618 | D:10     | Noticed an oklob plant
 10724 | D:10     | Killed an oklob plant
 10814 | Lair:1   | Entered Level 1 of the Lair of Beasts
 10929 | Lair:1   | Got the uncursed robe of Death Resistance {Int+2}
 10940 | Lair:1   | Identified the +2 robe of Death Resistance {Int+2} (You
                  | found it on level 1 of the Lair of Beasts)
 11083 | Lair:1   | Reached ** piety under Ashenzari
 11590 | Lair:1   | Noticed a five-headed hydra
 11609 | Lair:1   | Killed a five-headed hydra
 11609 | Lair:1   | Reached XP level 12. HP: 61/73 MP: 15/19
 12230 | Lair:2   | Reached skill level 5 in Evocations
 12239 | Lair:2   | Reached skill level 5 in Spellcasting
 12762 | Lair:2   | Reached skill level 10 in Armour
 12801 | Lair:2   | Paralysed by a floating eye for 4 turns
 13140 | Lair:3   | Found a transporter.
 13168 | Lair:3   | Found a bloodstained altar of Trog.
 13171 | Lair:3   | Noticed Dikli's ghost (journeyman MiBe)
 13175 | Lair:3   | Found a transporter.
 13180 | Lair:3   | Identified the cursed +2 trident of Olucacea {drain,
                  | *Contam rElec Int+2}
 13180 | Lair:3   | Noticed a spriggan rider
 13217 | Lair:3   | Noticed a four-headed hydra
 13244 | Lair:3   | Killed a four-headed hydra
 13634 | Lair:3   | Reached *** piety under Ashenzari
 14378 | Lair:4   | Reached XP level 13. HP: 69/80 MP: 20/20
 14543 | Lair:4   | Reached skill level 11 in Armour
 14948 | Lair:4   | Reached skill level 10 in Fighting
 15448 | Lair:4   | Found a staircase to the Shoals.
 15520 | Lair:4   | Found a staircase to the Snake Pit.
 16873 | Lair:5   | Noticed esteth's ghost (journeyman GnWz)
 16874 | Lair:5   | Noticed a minotaur
 17099 | Lair:5   | Found a runed translucent gate.
 17099 | Lair:5   | Found a runed translucent gate.
 17099 | Lair:5   | Found a runed translucent gate.
 17120 | Lair:5   | Found a staircase to the Slime Pits.
 17257 | Lair:5   | Reached skill level 12 in Armour
 17458 | Lair:5   | Reached skill level 10 in Short Blades
 17469 | Lair:5   | Reached skill level 5 in Hexes
 17588 | Lair:5   | Reached skill level 10 in Dodging
 17588 | Lair:5   | Gained mutation: Your large and strong wings let you fly
                  | indefinitely. [Gargoyle growth]
 17588 | Lair:5   | Reached XP level 14. HP: 88/88 MP: 21/21
 17908 | Lair:6   | Entered Level 6 of the Lair of Beasts
 17908 | Lair:6   | Noticed Nessos
 18498 | Lair:6   | Killed Nessos
 18596 | Lair:6   | Reached **** piety under Ashenzari
 18967 | Lair:6   | Found a large runed translucent door.
 18968 | Lair:6   | Found a large runed translucent door.
 18973 | Lair:6   | Noticed markt42's ghost (adept GrFi)
 19326 | Lair:6   | Reached skill level 13 in Armour
 19994 | Lair:6   | Identified Sif Muna's Incunabulum of Quantum Transformation
 20144 | Lair:6   | Reached XP level 15. HP: 96/96 MP: 22/22
 21062 | Lair:3   | Killed Dikli's ghost
 21501 | Lair:5   | Killed esteth's ghost
 21655 | Lair:6   | Killed markt42's ghost
 22831 | D:12     | Reached skill level 14 in Armour
 23143 | D:12     | Found a staircase to the Orcish Mines.
 23530 | D:12     | Found a shimmering altar of Xom.
 24908 | D:14     | Found Liad's Antique Weapon Shoppe.
 24921 | D:14     | Got the cursed pair of gloves "Paha" {Int+5 Dex-5}
 24947 | D:14     | Reached XP level 16. HP: 95/104 MP: 23/23
 25187 | D:14     | Found a gate to the Vaults.
 25383 | D:15     | Entered Level 15 of the Dungeon
 25570 | D:15     | Reached ***** piety under Ashenzari
 26011 | D:15     | Found Uclaricw's Weapon Emporium.
 26369 | D:15     | Noticed Azrael
 26401 | D:15     | Killed Azrael
 26926 | D:15     | Found a staircase to the Depths.
 27179 | Depths:1 | Entered Level 1 of the Depths
 27242 | Depths:1 | Reached skill level 15 in Armour
 27277 | Depths:1 | Got the cursed cloak of the Republic {rF+ Int+4}
 27955 | Orc:1    | Entered Level 1 of the Orcish Mines
 28061 | Orc:1    | Identified the cursed +0 cloak of the Republic {rF+ Int+4}
                  | (You found it on level 1 of the Depths)
 28536 | Orc:2    | Entered Level 2 of the Orcish Mines
 28536 | Orc:2    | Found a staircase to the Elven Halls.
 28536 | Orc:2    | Found a gate leading to a gauntlet.
 28754 | Gauntlet | Entered a Gauntlet
 28754 | Gauntlet | Found a transporter.
 28802 | Gauntlet | Found a transporter.
 28804 | Gauntlet | Found a transporter.
 28809 | Gauntlet | Found a runed translucent door.
 28810 | Gauntlet | Found a runed translucent door.
 28813 | Gauntlet | Found a transporter.
 28815 | Gauntlet | Found a transporter.
 28826 | Gauntlet | Found a transporter.
 28843 | Gauntlet | Identified the ring of Due Proportion {rElec AC+5}
 28844 | Gauntlet | Found a transporter.
 28851 | Gauntlet | Found a runed translucent door.
 28854 | Gauntlet | Identified the amulet "Hanizoerch" {Spirit Str+4}
 28855 | Gauntlet | Identified the +0 cloak "Beik" {*Slow Dex+6}
 28855 | Gauntlet | Found a transporter.
 28865 | Gauntlet | Found a transporter.
 28867 | Gauntlet | Identified the ring of the Scavenger {rCorr rElec rPois}
 28867 | Gauntlet | Found a runed translucent door.
 28868 | Gauntlet | Identified the cursed +3 dagger of Borgoz's Terror {pierce,
                  | rF+ MP-9 Int+6}
 28881 | Gauntlet | Found a runed translucent door.
 28885 | Gauntlet | Found a transporter.
 28900 | Gauntlet | Found a transporter.
 28900 | Gauntlet | Found a transporter.
 28948 | Gauntlet | Found a transporter.
 28966 | Gauntlet | Found a transporter.
 29995 | Orc:2    | Cast into level 1 of the Abyss (orc sorcerer)
 30028 | Abyss:1  | Reached XP level 17. HP: 45/112 MP: 14/25
 30164 | Abyss:1  | Found an opulent altar of Gozag.
 30254 | Abyss:1  | Noticed a lich
 30272 | Abyss:1  | Noticed a Tzitzimitl
 30275 | Abyss:1  | Killed a lich
 30466 | Abyss:1  | Noticed a tentacled starspawn
 30490 | Abyss:1  | Killed a tentacled starspawn
 30492 | Abyss:1  | Paralysed by accursed screaming for 1 turns
 30541 | Orc:2    | Escaped the Abyss
 30720 | Orc:1    | Identified the cursed +0 pair of gloves "Paha" {Int+5
                  | Dex-5} (You found it on level 14 of the Dungeon)
 31078 | Orc:2    | Found Pekloh's General Store.
 31079 | Orc:2    | Found Luecoish's Book Boutique.
 31080 | Orc:2    | Found Vanohuw's Antique Armour Shop.
 31080 | Orc:2    | Found Tommutoim's Antique Weapon Shop.
 31314 | Orc:2    | Bought an encrusted scale mail for 198 gold pieces
 31323 | Orc:2    | Bought a potion of might for 40 gold pieces
 31323 | Orc:2    | Bought a scroll of blinking for 75 gold pieces
 31338 | Orc:2    | Bought a runed rapier for 238 gold pieces
 31506 | D:15     | Bought the +9 rapier of the Stork {pierce, Int+2 SInv} for
                  | 1128 gold pieces
 31798 | Shoals:1 | Entered Level 1 of the Shoals
 32442 | Shoals:1 | Reached skill level 15 in Fighting
 32987 | Shoals:2 | Learned a level 3 spell: Regeneration
 32990 | Shoals:2 | Learned a level 2 spell: Blink
 33132 | Shoals:2 | Reached skill level 1 in Shields
 33642 | Shoals:2 | Got the cursed shield of the Ancient Lovers {-Tele *Contam
                  | rCorr Int+5}
 33699 | Shoals:3 | Identified the cursed +0 shield of the Ancient Lovers
                  | {-Tele *Contam rCorr Int+5} (You acquired it on level 2 of
                  | the Shoals)
 33874 | Shoals:3 | Reached skill level 16 in Armour
 34800 | Shoals:4 | Entered Level 4 of the Shoals
 35085 | Shoals:4 | Reached XP level 18. HP: 100/119 MP: 24/27
 35495 | Shoals:4 | Shot with an arrow by a satyr

Skill      XL: |  1  2  3  4  5  6  7  8  9 10 11 12 13 14 15 16 17 |
---------------+----------------------------------------------------+-----
Stealth        | 1 2 3 4 5 7 8 |  8.8
Armour         | 1 2 3 5 6 8 9 10 12 13 14 15 16 | 16.1
Short Blades   | 3 4 5 6 7 8 9 10 11 12 | 12.0
Fighting       | 3 4 5 6 7 8 9 10 12 13 14 15 | 15.3
Dodging        | 3 4 5 7 8 10 11 12 13 | 13.1
Evocations     | 1 2 4 5 |  5.0
Spellcasting   | 1 2 4 5 6 |  6.4
Hexes          | 1 3 5 6 7 |  7.9
Shields        | 2 |  2.2
Throwing       | |  1.7

Action                   |  1- 3 |  4- 6 |  7- 9 | 10-12 | 13-15 | 16-18 || total
-------------------------+-------+-------+-------+-------+-------+-------++-------
Melee: Rapier            |    94 |    61 |       |       |       |   122 ||   277
       Dagger            |       |   143 |   159 |    98 |       |       ||   400
       Short sword       |       |    14 |   674 |   496 |       |       ||  1184
       Quick blade       |       |       |       |   862 |  1904 |  1649 ||  4415
       Unarmed           |       |       |       |     1 |       |       ||     1
Throw: Throwing net      |       |       |     9 |     8 |     1 |       ||    18
 Cast: Confusing Touch   |       |       |       |    17 |    57 |    38 ||   112
Invok: Curse Item        |       |       |       |       |       |     1 ||     1
 Abil: Fly               |       |       |       |       |     1 |       ||     1
Evoke: Wand              |       |       |       |     7 |     1 |       ||     8
  Use: Potion            |       |     1 |     6 |     6 |     9 |     2 ||    24
       Scroll            |       |     1 |    14 |    12 |    11 |    11 ||    49
 Stab: Sleeping          |     1 |     1 |     5 |       |     1 |    13 ||    21
       Distracted        |       |     1 |       |       |       |     3 ||     4
       Held in net/web   |       |       |     3 |     4 |     1 |       ||     8
       Paralysed         |       |       |       |     2 |       |       ||     2
       Confused          |       |       |       |    23 |    72 |    46 ||   141
       Invisible         |       |       |       |       |     8 |    12 ||    20
       Petrified         |       |       |       |       |       |     4 ||     4
       Petrifying        |       |       |       |       |       |     1 ||     1
  Eat: Chunk             |     1 |     3 |    10 |    22 |    19 |    32 ||    87
       Ration            |       |     1 |     1 |     1 |     4 |     1 ||     8
Armor: Leather armour    |     2 |       |       |       |       |       ||     2
       Ring mail         |    27 |   105 |       |       |       |       ||   132
       Scale mail        |       |     2 |   262 |   349 |   352 |   444 ||  1409
Dodge: Dodged            |    52 |   143 |   295 |   523 |   698 |   793 ||  2504
Block: Shield            |       |       |       |       |       |   128 ||   128
       Reflection        |       |       |       |       |       |    14 ||    14
